 Dungeon Crawl Stone Soup version 0.29.1 (webtiles) character file.

Game seed: 590522010569447969

537714 Arum the Conqueror (level 27, -15/223 (224) HPs)
             Began as a Formicid Fighter on Sept 11, 2022.
             Was a Priest of Zin.
             Demolished by a stone giant (17 damage)
             ... created by the fury of Okawaru
             ... on level 1 of the Abyss on Sept 12, 2022.
             The game lasted 02:32:46 (52518 turns).

Arum the Conqueror (Formicid Fighter)              Turns: 52518, Time: 02:32:47

HP:   -15/223 (224) AC: 37    Str: 38      XL:     27
MP:   41/41         EV: 11    Int: 13 (18) God:    Zin [***...]
Gold: 2909          SH: 26    Dex:  7      Spells: 26/26 levels left

rFire   + + +      SeeInvis +   y - +0 great mace (holy)
rCold   + . .      Faith    .   P - +0 tower shield of Huimyciz {-Tele rPois rC+ Int+3}
rNeg    + . .      Spirit   .   O - +10 plate armour "Aceppept" {rF++ rN+ Will- Str+4}
rPois   +          Reflect  +   (helmet unavailable)
rElec   +          Harm     .   g - +2 cloak
rCorr   +          Rampage  .   d - +4 pair of gloves of Divine Intervention {Will+++ Regen+ MP+9 Dex-3}
Will    ++++.                   E - +0 pair of boots {Fly}
Stlth   ..........              Q - amulet of reflection
HPRegen 0.00/turn               b - ring "Soupt" {rElec rF+ Int+6 Dex-3 Slay+6}
MPRegen 0.27/turn               z - ring of resist corrosion

@: mighty, on recite cooldown, flying, inhibited regen, studying 2 skills,
lightly drained
A: permanent stasis, dig shafts and tunnels, antennae 3, four strong arms,
deformed body, frail 1, screaming 1, inhibited regeneration, subdued magic 1,
devolution 1
}: 3/15 runes: serpentine, barnacled, silver
a: Dig, Shaft Self, Renounce Religion, Recite, Vitalisation, Imprison, Donate
Gold


You were on level 1 of the Abyss.
You worshipped Zin.
Zin was most pleased with you.
You visited 9 branches of the dungeon, and saw 45 of its levels.
You visited the Abyss 1 time.
You visited 1 bazaar.
You also visited: Sewer, Bailey and Ice Cave.

You collected 6760 gold pieces.
You spent 3728 gold pieces at shops.
You donated 123 gold pieces to Zin.

Inventory:

Hand Weapons
 c - a +2 antimagic dire flail
 y - a +0 great mace of holy wrath (weapon)
 N - a +3 great mace of flaming
 W - the +8 whip "Snakebite" {venom, curare, rPois}
   (You took it off an ironbound convoker on level 5 of the Vaults)

   It poisons the flesh of those it strikes.
   It occasionally inflicts asphyxiating poison on those it strikes, dealing
   poison damage and causing slowness.
   rPois:     It protects you from poison.
Missiles
 e - 11 silver javelins
 q - 30 javelins
 T - 5 throwing nets
Armour
 d - the +4 pair of gloves of Divine Intervention (worn) {Will+++ Regen+ MP+9 Dex-3}
   (You acquired it on level 8 of the Dungeon)

   Dex:       It affects your dexterity (-3).
   MP:        It affects your magic capacity (+9).
   Regen:     It increases your rate of health regeneration.
   Will:      It greatly increases your willpower.
 g - a +2 cloak (worn)
 E - a +0 pair of boots of flying (worn)
 O - the +10 plate armour "Aceppept" (worn) {rF++ rN+ Will- Str+4}
   (You took it off an orc warlord on level 1 of the Vaults)

   Str:       It affects your strength (+4).
   rF:        It greatly protects you from fire.
   rN:        It protects you from negative energy.
   Will:      It decreases your willpower.
 P - the +0 tower shield of Huimyciz (worn) {-Tele rPois rC+ Int+3}
   (Okawaru gifted it to you on level 2 of the Shoals)

   Int:       It affects your intelligence (+3).
   rC:        It protects you from cold.
   rPois:     It protects you from poison.
   -Tele:     It prevents most forms of teleportation.
Jewellery
 b - the ring "Soupt" (left hand) {rElec rF+ Int+6 Dex-3 Slay+6}
   (You acquired it on level 11 of the Dungeon)

   [ring of intelligence]

   Int:       It affects your intelligence (+6).
   Dex:       It affects your dexterity (-3).
   Slay:      It affects your accuracy & damage with ranged weapons and melee
   (+6).
   rF:        It protects you from fire.
   rElec:     It insulates you from electricity.
 z - a ring of resist corrosion (right hand)
 G - a ring of positive energy
 H - the ring of the Resonant God {rN+ EV+4}
   (You took it off an orc on level 8 of the Dungeon)

   [ring of evasion]

   EV:        It affects your evasion (+4).
   rN:        It protects you from negative energy.
 Q - an amulet of reflection (around neck)
 X - an amulet of regeneration
 Y - a +4 ring of slaying
 Z - the ring "Avijeuw" {Will+ MP+9}
   (You found it on level 1 of the Elven Halls)

   [ring of magical power]

   MP:        It affects your magic capacity (+9).
   Will:      It increases your willpower.
Wands
 D - a wand of digging (2)
 J - a wand of roots (25)
 R - a wand of quicksilver (19)
Scrolls
 m - 5 scrolls of enchant weapon
 n - 7 scrolls of summoning
 o - 5 scrolls of fear
 s - 8 scrolls of enchant armour
 u - 3 scrolls of brand weapon
 B - 6 scrolls of torment
 C - 3 scrolls of silence
 I - 11 scrolls of poison
 K - 9 scrolls of vulnerability
 S - a scroll of immolation
 U - 9 scrolls of magic mapping
Potions
 a - 7 potions of heal wounds
 f - 4 potions of invisibility
 i - 7 potions of resistance
 j - 4 potions of mutation
 l - 20 potions of curing
 t - 8 potions of cancellation
 v - 6 potions of ambrosia
 w - 5 potions of magic
 x - 8 potions of brilliance
 A - 9 potions of lignification
 F - 7 potions of attraction
 L - 5 potions of flight
 M - 4 potions of might
Miscellaneous
 k - a phial of floods
 p - a tin of tremorstones (2/2)
 r - a lightning rod (4/4)
 V - a condenser vane


   Skills:
 O Level 27 Fighting
 + Level 22.2 Maces & Flails
 - Level 22.7 Armour
 + Level 11.2 Dodging
 - Level 23.0 Shields
 - Level 12.0 Invocations
 + Level 6.7 Evocations


You had 26 spell levels left.
You didn't know any spells.
Your spell library contained the following spells:

 Spells                   Type           Power      Damage    Failure   Level
 Apportation              Tloc           0%         N/A       71%         1
 Beastly Appendage        Tmut           0%         N/A       71%         1
 Freeze                   Ice            0%         1d3       71%         1
 Sting                    Tmut/Pois      0%         1d3       71%         1
 Ensorcelled Hibernation  Hex/Ice        0%         N/A       85%         2
 Poisonous Vapours        Pois/Air       0%         N/A       85%         2
 Scorch                   Fire           0%         2d5       85%         2
 Static Discharge         Conj/Air       0%         3-3/arc   85%         2
 Sublimation of Blood     Necr           0%         N/A       85%         2
 Wereblood                Tmut           0%         N/A       85%         2
 Conjure Flame            Conj/Fire      0%         6-21      97%         3
 Dazzling Flash           Conj/Hex       0%         N/A       97%         3
 Frozen Ramparts          Ice            0%         1d1       97%         3
 Ignite Poison            Fire/Tmut/Pois 0%         N/A       97%         3
 Inner Flame              Hex/Fire       0%         N/A       97%         3
 Mephitic Cloud           Conj/Pois/Air  0%         N/A       97%         3
 Portal Projectile        Hex/Tloc       0%         N/A       97%         3
 Spider Form              Tmut/Pois      0%         N/A       97%         3
 Summon Guardian Golem    Hex/Summ       0%         N/A       97%         3
 Tukima's Dance           Hex            0%         N/A       97%         3
 Airstrike                Air            0%         2d(0-16)  100%        4
 Cause Fear               Hex            0%         N/A       100%        4
 Corpse Rot               Necr/Pois/Air  0%         N/A       100%        4
 Dispel Undead            Necr           0%         3d6       100%        4
 Flame Wave               Conj/Fire      0%         2d4       100%        4
 Hailstorm                Conj/Ice       0%         3d3       100%        4
 Iskenderun's Mystic Bla  Conj/Tloc      0%         2d3       100%        4
 Olgreb's Toxic Radiance  Pois           0%         N/A       100%        4
 Passage of Golubria      Tloc           0%         N/A       100%        4
 Petrify                  Tmut/Erth      0%         N/A       100%        4
 Sticky Flame             Conj/Fire      0%         2d3       100%        4
 Summon Ice Beast         Ice/Summ       0%         N/A       100%        4
 Summon Lightning Spire   Summ/Air       0%         N/A       100%        4
 Agony                    Necr           0%         N/A       100%        5
 Blade Hands              Tmut           0%         N/A       100%        5
 Fireball                 Conj/Fire      0%         3d3       100%        5
 Freezing Cloud           Conj/Ice/Air   0%         6-21      100%        5
 Irradiate                Conj/Tmut      0%         3d11      100%        5
 Iskenderun's Battlesphe  Conj           0%         2d6       100%        5
 Lightning Bolt           Conj/Air       0%         1d11      100%        5
 Silence                  Hex/Air        0%         N/A       100%        5
 Yara's Violent Unravell  Hex/Tmut       0%         3d3       100%        5
 Conjure Ball Lightning   Conj/Air       0%         3x3d6     100%        6
 Dispersal                Tloc           0%         N/A       100%        6
 Iron Shot                Conj/Erth      0%         9d1       100%        6
 Starburst                Conj/Fire      0%         6d3       100%        6
 Summon Cactus Giant      Summ           0%         N/A       100%        6
 Dragon Form              Tmut           0%         N/A       100%        7
 Orb of Destruction       Conj           0%         9d5       100%        7
 Ozocubu's Refrigeration  Ice            0%         4d7       100%        7
 Spellforged Servitor     Conj/Summ      0%         N/A       100%        7
 Summon Hydra             Summ           0%         N/A       100%        7
 Discord                  Hex            0%         N/A       100%        8
 Ignition                 Fire           0%         3d3       100%        8
 Chain Lightning          Conj/Air       0%         N/A       100%        9


Dungeon Overview and Level Annotations

Branches:
Dungeon (15/15)            Temple (0/1) D:4            Lair (5/5) D:8
 Shoals (4/4) Lair:3        Snake (4/4) Lair:2        Slime (3/5) Lair:5
    Orc (2/2) D:10            Elf (3/3) Orc:2        Vaults (5/5) D:14
  Crypt (0/3) Vaults:3     Depths (4/4) D:15            Zot (0/5) Depths:4
  Sewer (visited)          Bailey (visited)           IceCv (visited)

Altars:
Ashenzari
Cheibriados
Elyvilon
Fedhas
Gozag
Makhleb
Okawaru
Qazlal
Ru
Sif Muna
Trog
Uskayaw
Vehumet
Zin
The Shining One
Jiyva
Lugonu

Shops:
D:11 !   Orc:2 ([*=   Elf:1 ?   Elf:2 (   Elf:3 !   Snake:3 *   Snake:4 ::=
Vaults:5 *   Depths:4 !(

Portals:
Hell: Depths:1 Depths:2 Depths:3 Depths:4
Abyss: Lair:5 Depths:2 Depths:3
Pandemonium: Depths:2
Ziggurat: Depths:4

Annotations:
D:9 exclusion: orange crystal statue
Lair:4 2 transporters, exclusion: ice statue, Kyusiynim's ghost, journeyman GnEn
Orc:1 2 transporters, diceflayer's ghost, journeyman DsFi


Innate Abilities, Weirdness & Mutations

You cannot be hasted, slowed, berserked, paralysed or teleported.
You can dig through walls and to a lower floor.
You have a pair of large antennae on your head. (SInv)
Your four strong arms can wield two-handed weapons with a shield.
Armour fits poorly on your strangely shaped body.
You are frail. (-10% HP)
You occasionally shout uncontrollably at your foes.
You do not regenerate when monsters are visible.
Your spells are a little easier to cast, but a little less powerful.
You have hidden genetic defects.


Message History

The deep elf knight hits you with a +0 scimitar.
* * * LOW HITPOINT WARNING * * *
You block the titan's attack.
The orange demon is lost in a daze.
Unknown command.
You flatten the titan like a pancake!!!
The titan is almost dead.
You block the deep elf knight's attack. The stone giant closely misses you.
You block the titan's attack.
Unknown command.
You sock the titan!
You kill the titan!
That felt strangely unrewarding.
You block the starcursed mass's attack. You block the deep elf knight's attack.
The orange demon stings you but does no damage.
You feel much better.
The deep elf knight hits you with a +0 scimitar!
* * * LOW HITPOINT WARNING * * *
You block the stone giant's attack.
The frost giant hits you with a +1 battleaxe of freezing!!
* * * LOW HITPOINT WARNING * * *
The frost giant freezes you.
* * * LOW HITPOINT WARNING * * *
You block the starcursed mass's attack. The orange demon stings you from afar.
* * * LOW HITPOINT WARNING * * *
Unknown command.
Unknown command.
Unknown command.
Unknown command.
Unknown command.
Unknown command.
Unknown command.
Unknown command.
Unknown command.
Unknown command.
Unknown command.
You beat the stone giant like a drum!!!
The stone giant is severely wounded.
You hear a croak.
You block the deep elf knight's attack. The stone giant hits you!
You die... . {# . # # # ....# # . .#..# # . . #...# ####..# .## ##...e.# . # #.#.XXX## . ## . #.XXCXX#

. ..
{#@#{#
.# {#eC#
..#
e##4# #
#. ..5.
#.. ##
..#.
#...
....##.#
...# ###
.. #.##
.# .# .
. .


You could see 7 starcursed masses, a frost giant, a stone giant, an orange demon
(dazed), a deep elf archer (repels missiles), a deep elf knight (fast,
invisible, dazed), a deep elf zephyrmancer and a white imp.

Vanquished Creatures
  2 dread liches (Vaults:5)
  2 ancient liches (Vaults:5)
  3 juggernauts
  Vv (Depths:4)
  The ghost of handsome the Unseen, a veteran OpWn of Xom (Vaults:1)
  Vashnia (Snake:4)
  Saint Roka (Orc:2)
  2 golden dragons
  A profane servitor (Abyss:1)
  Jorgrun (Shoals:1)
  2 Ice Fiends (IceCv)
  A walking earthen tome (Depths:2)
  Zenata (Elf:3)
  A tentacled monstrosity (Vaults:5)
  The ghost of WiseOSalty the Warrior, an adept DsFi of Qazlal (Elf:3)
  Rupert (Lair:5)
  4 liches
  A walking crystal tome (Depths:2)
  Asterion (Snake:4)
  8 titans
  2 deep elf blademasters (Elf:3)
  8 acid blobs
  3 deep elf master archers
  2 walking divine tomes (Depths:3)
  4 sphinxes
  A tentacled starspawn (Abyss:1)
  5 shadow dragons
  A kraken (Shoals:1)
  Agnes (D:15)
  Kirke (Lair:4)
  A rockslime (Lair:5)
  2 storm dragons
  6 tengu reavers
  A revenant (Vaults:3)
  3 azure jellies (Slime:1)
  A draconian monk (Depths:4)
  6 nagarajas (Snake:4)
  13 fire giants
  19 frost giants
  6 deep elf sorcerers (Elf:3)
  12 vault wardens
  Aizul (Snake:3)
  A balrug (Depths:1)
  Louise (Shoals:1)
  The ghost of Ge0ff the Lord of Darkness, a journeyman MeNe of Kikubaaqudgha (Snake:4)
  2 iron dragons (Depths:3)
  7 orc warlords
  2 deep elf elementalists (Elf:3)
  6 war gargoyles
  A draconian stormcaller (Depths:4)
  17 ironbound preservers
  A draconian annihilator (Depths:4)
  19 very ugly things
  A spriggan defender (Depths:3)
  5 ironbound thunderhulks
  16 stone giants
  6 deep elf demonologists
  2 reapers (Depths:3)
  2 quicksilver oozes
  3 vampire knights
  A green draconian (Depths:4)
  7 deep elf annihilators
  3 purple draconians (Depths:4)
  5 dire elephants
  Snorg (D:10)
  9 deep elf death magi
  2 blizzard demons (Abyss:1)
  2 crystal guardians
  10 great orbs of eyes
  2 jiangshi (Depths:1)
  14 merfolk impalers
  10 ettins
  7 merfolk javelineers
  8 fire dragons
  13 yaktaur captains
  Harold (Orc:1)
  Josephine (Shoals:1)
  5 deep elf high priests
  9 ice dragons
  36 vault guards
  8 hydras
  2 boulder beetles
  3 salamander tyrants
  3 rakshasas
  A death knight (D:14)
  9 merfolk avatars
  2 spriggan air magi (Depths:3)
  2 catoblepae (D:15)
  12 centaur warriors
  13 anacondas
  4 ogre magi (Vaults:5)
  7 two-headed ogres
  3 peacekeepers
  4 merfolk aquamancers
  13 ironbound frosthearts
  4 alligator snapping turtles (Shoals:4)
  2 satyrs
  8 death yaks
  26 dancing weapons
  5 deep troll shamans
  19 naga warriors
  4 tengu warriors
  5 vampire magi
  5 thrashing horrors
  5 orc high priests
  12 deep troll earth magi
  21 naga sharpshooters
  16 hell knights
  A soul eater (Depths:2)
  Sonja (Orc:1)
  2 spriggan berserkers
  2 sun demons
  6 shock serpents
  Urug (Orc:2)
  20 deep elf knights
  3 skeletal warriors
  10 iron trolls
  A titan skeleton (Depths:2)
  2 sixfirhies
  4 salamander mystics
  A spark wasp zombie (D:15)
  50 deep trolls
  22 sea snakes
  A bog body (IceCv)
  13 naga ritualists
  9 lindwurms
  An orb spider (shapeshifter) (Depths:2)
  2 glowing orange brains (shapeshifter) (Vaults:5)
  An obsidian statue (IceCv)
  9 wizards
  22 orc knights
  7 glowing orange brains
  3 spriggan simulacra (IceCv)
  18 ironbound convokers
  4 phantasmal warriors
  19 deep elf archers
  23 harpies
  A bunyip skeleton (Abyss:1)
  33 deep elf pyromancers
  A golden dragon skeleton (D:15)
  A mana viper (shapeshifter) (Vaults:2)
  A human zombie (Vaults:4)
  24 deep elf zephyrmancers
  20 mana vipers
  11 necromancers
  22 ugly things
  A salamander (shapeshifter) (Elf:3)
  8 orc sorcerers
  2 shining eyes
  7 cyclopes
  20 manticores
  21 slime creatures
  2 stone giant skeletons
  An iron dragon skeleton (Vaults:3)
  40 black mambas
  8 fauns
  19 salamanders
  10 elephants
  A fire giant skeleton (Depths:2)
  2 moths of wrath (Snake:4)
  A titan simulacrum (Vaults:4)
  A human skeleton (Vaults:3)
  3 eyes of devastation (Slime:2)
  16 guardian serpents
  7 water nymphs
  A guardian serpent (shapeshifter) (Depths:2)
  23 naga magi
  11 vault sentinels
  7 merfolk sirens
  5 smoke demons
  A torpor snail (Lair:1)
  12 cane toads
  Maggie (D:7)
  A hellion (Depths:2)
  2 spriggan zombies
  15 komodo dragons
  A yaktaur zombie (Vaults:3)
  6 rime drakes
  26 yaktaurs
  A kobold demonologist (D:10)
  3 hellwings (Abyss:1)
  An anaconda simulacrum (IceCv)
  5 ice devils
  An efreet (D:15)
  10 freezing wraiths
  A spark wasp simulacrum (Depths:2)
  A red devil (Depths:2)
  5 ancient zymes
  31 merfolk
  2 tengu conjurers (Depths:3)
  A harpy zombie (Abyss:1)
  A silent spectre (Abyss:1)
  7 trolls
  9 wind drakes
  A golden dragon simulacrum (IceCv)
  2 polar bears
  A hornet (shapeshifter) (Lair:5)
  3 meliai (D:13)
  A troll (shapeshifter) (Elf:3)
  A tarantella (shapeshifter) (Elf:3)
  8 snapping turtles
  A blink frog (shapeshifter) (Lair:5)
  18 blink frogs
  5 large abominations
  A wind drake (shapeshifter) (D:12)
  9 dream sheep
  3 raiju (Abyss:1)
  4 starcursed masses (Abyss:1)
  2 spriggans (Lair:5)
  5 wraiths
  3 ynoxinuls
  A shadow (D:11)
  An ettin skeleton (Vaults:3)
  7 water elementals
  A wyvern (D:9)
  41 yaks
  8 air elementals
  7 humans (D:14)
  Grum (D:8)
  4 basilisks
  7 fire elementals
  2 steam dragons
  2 minotaur simulacra (IceCv)
  A golden eye (Slime:1)
  3 hogs (Lair:4)
  4 chaos spawn
  2 neqoxecs (Abyss:1)
  12 vampire mosquitoes
  3 wargs
  A tengu zombie (D:15)
  48 nagas
  Edmund (D:3)
  17 small abominations
  2 acid dragons
  10 water moccasins
  A hydra simulacrum (IceCv)
  2 sky beasts
  Pargi (Sewer)
  A glowing shapeshifter skeleton (Vaults:4)
  2 ice beasts (D:6)
  A black bear (Lair:4)
  A meliai simulacrum (D:12)
  33 orc warriors
  4 alligator simulacra (IceCv)
  An ettin simulacrum (IceCv)
  14 ogres
  6 wolves
  A boggart (D:12)
  10 centaurs
  3 phantoms
  9 kobold brigands
  10 bullfrogs
  A gnoll sergeant (D:10)
  2 necrophages
  4 deep troll simulacra (IceCv)
  4 earth elementals
  4 scorpions
  8 wights
  12 killer bees
  6 howler monkeys
  12 electric eels
  A quasit (Abyss:1)
  17 orc priests
  A hound (D:6)
  3 jellies
  6 iguanas
  28 orc wizards
  9 gnolls
  15 adders
  3 white imps
  An ufetubus (D:7)
  3 worms
  A dart slug (D:1)
  80 orcs
  8 endoplasms
  9 giant cockroaches
  15 goblins
  5 hobgoblins
  3 jackals
  56 kobolds
  4 quokkas
  5 ball pythons
  A bat (D:1)
  2 frilled lizards
  6 rats
  3 tentacles (Shoals:1)
2017 creatures vanquished.

Vanquished Creatures (others)
  A frost giant (Abyss:1)
  A hell knight (Depths:1)
  A spriggan berserker (Depths:3)
  A deep elf knight (Elf:3)
  3 deep elf zephyrmancers
  A deep elf pyromancer (Abyss:1)
  A human (D:14)
  A fire elemental (Elf:1)
  2 orcs (D:8)
  8 fungi
  100 plants
  2 starspawn tentacles (Abyss:1)
  8 tentacles (Shoals:1)
  6 withered plants (D:15)
136 creatures vanquished.

Grand Total: 2153 creatures vanquished

Notes
Turn   | Place    | Note
-------+----------+-------------------------------------------
     0 | D:1      | Arum the Formicid Fighter began the quest for the Orb.
     0 | D:1      | Reached XP level 1. HP: 18/18 MP: 1/1
   241 | D:1      | Reached XP level 2. HP: 14/24 MP: 2/2
  1073 | D:1      | Reached XP level 3. HP: 30/30 MP: 3/3
  1320 | D:2      | Reached skill level 4 in Fighting
  1633 | D:2      | Found a faded altar of an unknown god.
  1643 | D:2      | Reached XP level 4. HP: 37/37 MP: 4/4
  2523 | D:3      | Reached XP level 5. HP: 20/43 MP: 5/5
  2546 | D:3      | HP: 2/43 [orc/+0 flail (4)]
  2825 | D:3      | Reached skill level 5 in Fighting
  2926 | D:3      | Found a glowing drain.
  2940 | Sewer    | Entered a sewer
  3042 | Sewer    | Noticed Pargi
  3056 | Sewer    | Killed Pargi
  3057 | Sewer    | Reached XP level 6. HP: 17/51 MP: 6/6
  3908 | D:4      | Noticed Edmund
  4018 | D:3      | Killed Edmund
  4019 | D:3      | Reached skill level 6 in Fighting
  4019 | D:3      | Reached skill level 5 in Maces & Flails
  4019 | D:3      | Reached XP level 7. HP: 39/58 MP: 7/7
  4504 | D:4      | Found an iron altar of Okawaru.
  4514 | D:4      | Found a radiant altar of Vehumet.
  4514 | D:4      | Found a broken altar of Ashenzari.
  4517 | D:4      | Became a worshipper of Warmaster Okawaru
  4585 | D:4      | Reached skill level 7 in Fighting
  4587 | D:4      | Reached XP level 8. HP: 58/67 MP: 8/8
  4590 | D:4      | Found a glowing silver altar of Zin.
  4590 | D:4      | Found a white marble altar of Elyvilon.
  4590 | D:4      | Found a glowing golden altar of the Shining One.
  4828 | D:4      | Found a staircase to the Ecumenical Temple.
  5223 | D:5      | Entered Level 5 of the Dungeon
  6067 | D:5      | Reached skill level 8 in Fighting
  6458 | D:6      | Reached * piety under Okawaru
  6852 | D:6      | Reached XP level 9. HP: 75/75 MP: 9/9
  6914 | D:6      | Identified the +0 robe of Xoc Tocs {rPois Will+ Str-2
                  | Int+3}
  7003 | D:6      | Reached skill level 9 in Fighting
  7117 | D:6      | Reached ** piety under Okawaru
  7707 | D:7      | Reached skill level 10 in Fighting
  7750 | D:7      | Noticed Maggie
  7758 | D:7      | Killed Maggie
  7758 | D:7      | Reached *** piety under Okawaru
  7894 | D:7      | Reached XP level 10. HP: 61/86 MP: 10/10
  8386 | D:8      | Reached skill level 5 in Armour
  8636 | D:8      | Identified the ring of the Resonant God {rN+ EV+4}
  8644 | D:8      | Reached **** piety under Okawaru
  8695 | D:8      | Noticed a komodo dragon
  8721 | D:8      | Killed a komodo dragon
  8722 | D:8      | Reached skill level 11 in Fighting
  9086 | D:8      | Found a staircase to the Lair.
  9448 | D:8      | Noticed Grum
  9462 | D:8      | Reached skill level 10 in Maces & Flails
  9474 | D:8      | Killed Grum
  9714 | D:8      | Identified a scroll of acquirement
  9714 | D:8      | Acquired the +4 pair of gloves of Divine Intervention
                  | {Will+++ Regen+ MP+9 Dex-3}
 10022 | D:9      | Noticed an orange crystal statue
 10035 | D:9      | Noticed a two-headed ogre
 10064 | D:9      | Noticed a boulder beetle
 10428 | D:9      | Reached ***** piety under Okawaru
 10440 | D:9      | Reached XP level 11. HP: 85/93 MP: 11/11
 10834 | D:9      | Identified the +1 tower shield of Cuom Rel {-Tele Harm +Inv
                  | Dex+9} (Okawaru gifted it to you on level 9 of the Dungeon)
 10834 | D:9      | Received a gift from Okawaru
 11271 | D:10     | Entered Level 10 of the Dungeon
 11271 | D:10     | Noticed Snorg
 11280 | D:10     | Killed Snorg
 11326 | D:10     | Reached skill level 12 in Fighting
 11411 | D:10     | Found a flagged portal.
 11425 | Bailey   | Entered a bailey
 11890 | D:10     | You are sucked into a shaft and drop 2 floors!
 11931 | D:11     | Reached skill level 5 in Shields
 11951 | D:11     | Noticed a manticore
 11959 | D:11     | Killed a manticore
 12035 | D:11     | Reached skill level 10 in Armour
 12038 | D:11     | Received a gift from Okawaru
 12070 | D:10     | Found a bloodstained altar of Trog.
 12070 | D:10     | Found a blossoming altar of Fedhas.
 12070 | D:10     | Found an opulent altar of Gozag.
 12070 | D:10     | Found a stormy altar of Qazlal.
 12073 | D:10     | Found a snail-covered altar of Cheibriados.
 12103 | D:10     | Reached XP level 12. HP: 102/103 MP: 12/12
 12125 | D:10     | Found a staircase to the Orcish Mines.
 12137 | D:10     | Identified the +1 scale mail of the Red Skies {+Inv Will+}
                  | (Okawaru gifted it to you on level 10 of the Dungeon)
 12137 | D:10     | Received a gift from Okawaru
 12697 | D:11     | Acquired the ring "Soupt" {rElec rF+ Int+6 Dex-3 Slay+6}
 12776 | D:11     | Reached ****** piety under Okawaru
 12777 | D:11     | Reached skill level 13 in Fighting
 12912 | D:11     | Found Senulyes's Distillery.
 12928 | D:11     | Bought a potion of heal wounds for 90 gold pieces
 12928 | D:11     | Bought a potion of heal wounds for 90 gold pieces
 12928 | D:11     | Bought a potion of resistance for 180 gold pieces
 12928 | D:11     | Bought a potion of curing for 54 gold pieces
 13241 | D:12     | Noticed a centaur warrior
 13246 | D:12     | Killed a centaur warrior
 13252 | D:12     | Noticed a four-headed hydra
 13262 | D:12     | Killed a four-headed hydra
 13263 | D:12     | Noticed an eight-headed hydra
 13263 | D:12     | Noticed a centaur warrior
 13271 | D:12     | Killed a centaur warrior
 13281 | D:12     | Killed an eight-headed hydra
 13281 | D:12     | Received a gift from Okawaru
 13337 | D:12     | Reached XP level 13. HP: 112/112 MP: 13/13
 13346 | D:12     | Reached skill level 1 in Invocations
 13405 | D:12     | Reached skill level 14 in Fighting
 13774 | D:13     | Reached skill level 10 in Shields
 13923 | D:13     | Noticed a rakshasa
 13925 | D:13     | Noticed a four-headed hydra
 13935 | D:13     | Killed a four-headed hydra
 13947 | D:13     | Killed a rakshasa
 14363 | D:14     | Found a sacrificial altar of Ru.
 14497 | D:14     | Noticed a centaur warrior
 14501 | D:14     | Killed a centaur warrior
 14690 | D:14     | Noticed a centaur warrior
 14708 | D:14     | Killed a centaur warrior
 14708 | D:14     | Identified the +2 plate armour of Distant Shores {+Inv rC-
                  | Str+7} (Okawaru gifted it to you on level 14 of the
                  | Dungeon)
 14708 | D:14     | Received a gift from Okawaru
 14709 | D:14     | Reached skill level 5 in Invocations
 14754 | D:14     | Noticed a seven-headed hydra
 14762 | D:14     | Killed a seven-headed hydra
 15007 | D:14     | Found a shimmering blue altar of Sif Muna.
 15093 | D:14     | Noticed a vault guard
 15093 | D:14     | Noticed a vault guard
 15093 | D:14     | Noticed a vault guard
 15101 | D:14     | Killed a vault guard
 15102 | D:14     | Noticed a vault guard
 15107 | D:14     | Killed a vault guard
 15118 | D:14     | Killed a vault guard
 15127 | D:14     | Killed a vault guard
 15143 | D:14     | Reached XP level 14. HP: 85/121 MP: 18/18
 15179 | D:14     | Found a gate to the Vaults.
 15226 | D:15     | Entered Level 15 of the Dungeon
 15239 | D:14     | Reached skill level 15 in Fighting
 15305 | D:15     | Received a gift from Okawaru
 15505 | D:15     | Found a staircase to the Depths.
 15591 | D:15     | Received a gift from Okawaru
 15708 | D:15     | Noticed Agnes
 15717 | D:15     | Killed Agnes
 15717 | D:15     | Received a gift from Okawaru
 16284 | Orc:1    | Entered Level 1 of the Orcish Mines
 16287 | Orc:1    | Noticed Harold
 16296 | Orc:1    | Killed Harold
 16355 | Orc:1    | Found a burning altar of Makhleb.
 16562 | Orc:1    | Noticed Sonja
 16567 | Orc:1    | Killed Sonja
 16734 | Orc:2    | Entered Level 2 of the Orcish Mines
 16734 | Orc:2    | Found Suwellyp's Vocational Training.
 16734 | Orc:2    | Found a staircase to the Elven Halls.
 16779 | Orc:2    | Noticed Urug
 16803 | Orc:2    | Killed Urug
 16867 | Orc:2    | Noticed Saint Roka
 16898 | Orc:2    | Killed Saint Roka
 16899 | Orc:2    | Reached skill level 16 in Fighting
 16899 | Orc:2    | Reached XP level 15. HP: 91/131 MP: 21/21
 17149 | Orc:2    | Found Dewiek's Jewellery Shop.
 17154 | Orc:2    | Found Wausiut's Antique Armour Shop.
 17240 | Orc:2    | Found Mesapp's General Store.
 17246 | Orc:2    | Bought a scroll of noise for 11 gold pieces
 17256 | Orc:2    | Found Vimorgh's Antique Weapon Shop.
 17440 | Orc:1    | Noticed diceflayer's ghost (journeyman DsFi)
 17447 | Orc:1    | Found a bloodstained altar of Trog.
 17491 | Orc:1    | Found a transporter.
 17493 | Orc:1    | Found a transporter.
 17789 | Lair:1   | Entered Level 1 of the Lair of Beasts
 17840 | Lair:1   | Received a gift from Okawaru
 17990 | Lair:1   | Reached skill level 15 in Maces & Flails
 18614 | Lair:2   | Found a staircase to the Snake Pit.
 19420 | Lair:3   | Received a gift from Okawaru
 19484 | Lair:3   | Reached skill level 15 in Shields
 19807 | Lair:3   | Reached skill level 17 in Fighting
 19846 | Lair:3   | Found a staircase to the Shoals.
 19886 | Lair:3   | Found a hide-covered altar of Uskayaw.
 20364 | Lair:4   | Found a transporter.
 20475 | Lair:4   | Received a gift from Okawaru
 20565 | Lair:4   | Found a transporter.
 20571 | Lair:4   | Noticed Kyusiynim's ghost (journeyman GnEn)
 20573 | Lair:4   | Noticed Kirke
 20590 | Lair:4   | Killed Kirke
 21071 | Lair:5   | Entered Level 5 of the Lair of Beasts
 21119 | Lair:5   | Reached XP level 16. HP: 141/141 MP: 22/22
 21184 | Lair:5   | Found a viscous altar of Jiyva.
 21185 | Lair:5   | Found a staircase to the Slime Pits.
 21234 | Lair:5   | Received a gift from Okawaru
 21844 | Lair:5   | Reached skill level 18 in Fighting
 22027 | Lair:5   | Found a corrupted altar of Lugonu.
 22027 | Lair:5   | Found a one-way gate to the infinite horrors of the Abyss.
 22033 | Lair:5   | Got Lugriw's Guidebook on the Tesseract
 22285 | Lair:5   | Noticed Rupert
 22299 | Lair:5   | Killed Rupert
 22426 | Snake:1  | Entered Level 1 of the Snake Pit
 22600 | Snake:1  | Received a gift from Okawaru
 22945 | Snake:1  | Reached XP level 17. HP: 135/139 MP: 23/23
 22948 | Snake:1  | Reached skill level 19 in Fighting
 23188 | Snake:1  | Received a gift from Okawaru
 24166 | Snake:2  | Reached skill level 20 in Fighting
 24733 | Snake:2  | Received a gift from Okawaru
 25188 | Snake:3  | Reached XP level 18. HP: 144/164 MP: 24/24
 25316 | Snake:3  | Found Busuen's CLEARANCE SALE!.
 25325 | Snake:3  | Bought a +2 great mace of draining for 94 gold pieces
 25415 | Snake:3  | Noticed Aizul
 25439 | Snake:3  | Killed Aizul
 25446 | Snake:3  | Reached skill level 1 in Dodging
 26232 | Snake:4  | Entered Level 4 of the Snake Pit
 26506 | Snake:4  | Noticed Asterion
 26520 | Snake:4  | Killed Asterion
 26604 | Snake:4  | Received a gift from Okawaru
 26842 | Snake:4  | Reached skill level 21 in Fighting
 26892 | Snake:4  | Got a serpentine rune of Zot
 26999 | Snake:4  | Noticed Vashnia
 27044 | Snake:4  | Killed Vashnia
 27044 | Snake:4  | Received a gift from Okawaru
 27257 | Snake:4  | Found a transporter.
 27262 | Snake:4  | Found Elakh's Book Shoppe.
 27262 | Snake:4  | Noticed Ge0ff's ghost (journeyman MeNe)
 27265 | Snake:4  | Found Hoarchippi's Jewellery Shop.
 27267 | Snake:4  | Found Onetsog's Book Shoppe.
 27347 | Snake:4  | Found a transporter.
 28113 | Snake:4  | Reached skill level 5 in Dodging
 28113 | Snake:4  | Reached XP level 19. HP: 150/172 MP: 18/25
 28131 | Snake:4  | Killed Ge0ff's ghost
 28149 | Snake:4  | Received a gift from Okawaru
 28169 | Snake:4  | Identified the +1 pair of gloves of Jazeonk {Drain rF+
                  | Str+3 Dex+4}
 28420 | Shoals:1 | Entered Level 1 of the Shoals
 28497 | Shoals:1 | Noticed Louise
 28510 | Shoals:1 | Killed Louise
 28599 | Shoals:1 | Noticed Jorgrun
 28691 | Shoals:1 | Noticed Josephine
 28702 | Shoals:1 | Killed Josephine
 28728 | Shoals:1 | Killed Jorgrun
 29504 | Shoals:2 | Identified the +0 tower shield of Huimyciz {-Tele rPois rC+
                  | Int+3} (Okawaru gifted it to you on level 2 of the Shoals)
 29504 | Shoals:2 | Received a gift from Okawaru
 30420 | Shoals:3 | Found a frozen archway.
 30451 | IceCv    | Entered an ice cave
 30770 | IceCv    | Noticed an Ice Fiend
 30785 | IceCv    | Killed an Ice Fiend
 30794 | IceCv    | Noticed an Ice Fiend
 30847 | IceCv    | Killed an Ice Fiend
 30979 | Shoals:3 | Reached XP level 20. HP: 132/182 MP: 26/26
 30981 | Shoals:3 | Received a gift from Okawaru
 31316 | Shoals:3 | Reached skill level 22 in Fighting
 31765 | Shoals:4 | Entered Level 4 of the Shoals
 32448 | Shoals:4 | Got a barnacled rune of Zot
 32463 | Shoals:4 | Received a gift from Okawaru
 33594 | Vaults:1 | Entered Level 1 of the Vaults
 33702 | Vaults:1 | Identified the +5 trident of the Ten Xeniums {antimagic,
                  | rF+ rN++ Will- rCorr}
 33985 | Vaults:1 | Reached XP level 21. HP: 100/191 MP: 27/27
 34168 | Vaults:1 | Received a gift from Okawaru
 34294 | Vaults:1 | Identified the +10 plate armour "Aceppept" {rF++ rN+ Will-
                  | Str+4}
 34294 | Vaults:1 | Identified the +5 kite shield "Vympomm" {rElec rPois rN+
                  | Int+4}
 34294 | Vaults:1 | Identified the +8 morningstar of the Coin {elec, Dex+4}
 34295 | Vaults:1 | Found a runed translucent gate.
 34295 | Vaults:1 | Found a runed translucent gate.
 34295 | Vaults:1 | Found a runed translucent gate.
 34295 | Vaults:1 | Noticed handsome's ghost (veteran OpWn)
 34350 | Vaults:1 | Reached skill level 23 in Fighting
 34364 | Vaults:1 | Reached skill level 10 in Dodging
 34426 | Vaults:1 | Killed handsome's ghost
 35540 | Vaults:2 | Identified the +2 robe of the Red God {Str+9} (Okawaru
                  | gifted it to you on level 2 of the Vaults)
 35540 | Vaults:2 | Received a gift from Okawaru
 35969 | Vaults:2 | Identified the +9 arbalest of Ibbabod {elec, rC+ rCorr
                  | Int+7}
 36655 | Vaults:3 | Found a staircase to the Crypt.
 37042 | Vaults:3 | Reached XP level 22. HP: 202/202 MP: 28/28
 37509 | Vaults:3 | Identified the +2 robe of Wixte Hau {Str+5} (Okawaru gifted
                  | it to you on level 3 of the Vaults)
 37509 | Vaults:3 | Received a gift from Okawaru
 37521 | Vaults:3 | Reached skill level 24 in Fighting
 39160 | Vaults:4 | Received a gift from Okawaru
 39542 | Elf:1    | Entered Level 1 of the Elven Halls
 39769 | Elf:1    | Identified the ring "Avijeuw" {Will+ MP+9}
 40096 | Elf:1    | Found Kogef's Magic Scroll Emporium.
 40110 | Elf:1    | Bought a scroll of enchant armour for 105 gold pieces
 40382 | Elf:2    | Reached XP level 23. HP: 204/205 MP: 29/29
 40472 | Elf:2    | Reached skill level 15 in Armour
 40556 | Elf:2    | Found a runed translucent door.
 40582 | Elf:2    | Found a runed translucent door.
 40612 | Elf:2    | Found Ongexewn's Antique Weapon Shoppe.
 40659 | Elf:2    | Received a gift from Okawaru
 41429 | Elf:3    | Entered Level 3 of the Elven Halls
 41444 | Elf:3    | Reached skill level 25 in Fighting
 41568 | Elf:3    | Found Aten's Distillery.
 41576 | Elf:3    | Bought a potion of curing for 48 gold pieces
 42007 | Elf:3    | Noticed WiseOSalty's ghost (adept DsFi)
 42010 | Elf:3    | Found a runed translucent door.
 42043 | Elf:3    | Killed WiseOSalty's ghost
 42136 | Elf:3    | Noticed Zenata
 42156 | Elf:3    | Killed Zenata
 42221 | Elf:3    | Identified the +5 ice dragon scales "Jula Neta" {Harm *Slow
                  | rF- rC++ Will+ Int+4} (Okawaru gifted it to you on level 3
                  | of the Elven Halls)
 42221 | Elf:3    | Received a gift from Okawaru
 42428 | Elf:3    | Reached XP level 24. HP: 194/207 MP: 29/29
 42595 | Elf:3    | Got the Volume of the Shivering Tempest
 42608 | Elf:3    | Found the +9 staff of Wucad Mu {*channel}
 42624 | Elf:3    | Got the Compendium of Translocated Conjuration
 42641 | Elf:3    | Identified the +0 pair of boots of Ygiqoef {rPois}
 43012 | Depths:1 | Entered Level 1 of the Depths
 43196 | Depths:1 | Found a gateway to Hell.
 43412 | Depths:1 | Reached skill level 26 in Fighting
 43975 | Depths:1 | Upgraded the game from 0.29.0-15-g675c0067aa to 0.29.1
 44011 | Depths:2 | Found a hide-covered altar of Uskayaw.
 44186 | Depths:2 | Received a gift from Okawaru
 44546 | Depths:2 | Found a blossoming altar of Fedhas.
 44657 | Depths:2 | Found a one-way gate leading to the halls of Pandemonium.
 44973 | Depths:2 | Noticed a juggernaut
 44995 | Depths:2 | Killed a juggernaut
 45001 | Depths:2 | Identified the +0 flail of Mutilation {drain, Str+3 Int+3}
 45014 | Depths:2 | Identified the +0 robe of Impatience {Rampage}
 45397 | Depths:3 | Reached skill level 10 in Invocations
 45410 | Depths:3 | Received a gift from Okawaru
 45415 | Depths:3 | Reached XP level 25. HP: 217/232 MP: 30/30
 45503 | Depths:3 | Identified the +2 ring mail of the Tundras {Contam rElec
                  | Will- Int+9 Dex+3}
 46393 | Depths:3 | Found a runed translucent door.
 46404 | Depths:3 | Found a runed translucent door.
 46526 | Depths:3 | Reached skill level 27 in Fighting
 46546 | Depths:3 | Received a gift from Okawaru
 46591 | Depths:3 | Noticed a juggernaut
 46607 | Depths:3 | Killed a juggernaut
 46970 | Depths:4 | Entered Level 4 of the Depths
 47042 | Depths:4 | Found a gate to the Realm of Zot.
 47205 | Depths:4 | Noticed Vv
 47223 | Depths:4 | Killed Vv
 47250 | Depths:4 | Found Wueshrath's Weapon Emporium.
 47293 | Depths:4 | Found a gateway to a bazaar.
 47318 | Bazaar   | Entered a bazaar
 47318 | Bazaar   | Found Rito's Jewellery Emporium.
 47318 | Bazaar   | Found Umehek's Magic Scroll Shoppe.
 47318 | Bazaar   | Found Awue's Antique Weapon Emporium.
 47320 | Bazaar   | Found Oda Lipo's Jewellery Shoppe.
 47345 | Depths:4 | Found Ypaint's Distillery.
 47352 | Depths:4 | Noticed a juggernaut
 47375 | Depths:4 | Killed a juggernaut
 47429 | Depths:4 | Received a gift from Okawaru
 47466 | Depths:4 | Bought a potion of magic for 128 gold pieces
 47466 | Depths:4 | Bought a potion of heal wounds for 80 gold pieces
 47466 | Depths:4 | Bought a potion of curing for 48 gold pieces
 47466 | Depths:4 | Bought a potion of heal wounds for 80 gold pieces
 47466 | Depths:4 | Bought a potion of heal wounds for 80 gold pieces
 47551 | Depths:4 | Found a stormy altar of Qazlal.
 47573 | Depths:4 | Identified the +2 robe of Moral Flaws {-Cast Harm rPois
                  | Dex+9} (Okawaru gifted it to you on level 4 of the Depths)
 47573 | Depths:4 | Received a gift from Okawaru
 47610 | Depths:4 | Found a one-way gateway to a ziggurat.
 48151 | Vaults:5 | Entered Level 5 of the Vaults
 48166 | Vaults:5 | Reached XP level 26. HP: 175/242 MP: 32/32
 48417 | Vaults:5 | Noticed a dread lich
 48422 | Vaults:5 | Killed a dread lich
 48436 | Vaults:5 | Got a silver rune of Zot
 48770 | Vaults:5 | Noticed a dread lich
 48781 | Vaults:5 | Noticed an ancient lich
 48786 | Vaults:5 | Killed a dread lich
 48786 | Vaults:5 | Received a gift from Okawaru
 48790 | Vaults:5 | Killed an ancient lich
 48894 | Vaults:5 | Found Xoihacei's Assorted Antiques.
 48901 | Vaults:5 | Bought a warped diamond amulet for 200 gold pieces
 48901 | Vaults:5 | Identified the amulet of Nefires {Spirit rN++ Str-2 Dex+4}
                  | (You bought it in a shop on level 5 of the Vaults)
 48901 | Vaults:5 | Bought a potion of heal wounds for 200 gold pieces
 48993 | Vaults:5 | Identified the +0 scale mail "Zesh" {Contam rElec rPois
                  | Str+7}
 48993 | Vaults:5 | Identified the ring "Kicw" {Int+4 Dex+6}
 49002 | Vaults:5 | Identified the amulet of the Raven {Acrobat rF+ rN+++}
 49125 | Vaults:5 | Reached skill level 1 in Evocations
 49429 | Vaults:5 | Found the +0 pair of fencer's gloves {Riposte Dex+3}
 49749 | Vaults:5 | Noticed an ancient lich
 49759 | Vaults:5 | Killed an ancient lich
 50329 | Slime:1  | Entered Level 1 of the Pits of Slime
 50364 | Lair:5   | Received a gift from Okawaru
 50506 | Slime:2  | Received a gift from Okawaru
 50515 | Slime:2  | Reached XP level 27. HP: 233/249 MP: 32/32
 50618 | Slime:2  | Gained mutation: You do not regenerate when monsters are
                  | visible. [a shining eye]
 50619 | Slime:2  | Gained mutation: You have hidden genetic defects. [a
                  | shining eye]
 50622 | Slime:2  | Gained mutation: Your spells are a little easier to cast,
                  | but a little less powerful. [a shining eye]
 50624 | Slime:2  | Gained mutation: You occasionally shout uncontrollably at
                  | your foes. [a shining eye]
 51197 | Orc:2    | Bought a manual of Evocations for 1120 gold pieces
 51197 | Orc:2    | Bought a manual of Invocations for 1120 gold pieces
 51423 | D:4      | Fell from the grace of Okawaru
 51423 | D:4      | Became a worshipper of Zin the Law-Giver
 51423 | D:4      | Reached * piety under Zin
 51423 | D:4      | Reached ** piety under Zin
 51791 | Slime:3  | Reached skill level 5 in Evocations
 51967 | Lair:5   | Voluntarily entered the Abyss.
 52161 | Abyss:1  | Gained mutation: You are frail. (-10% HP) [a neqoxec]
 52312 | Abyss:1  | Reached *** piety under Zin
 52440 | Abyss:1  | Gained mutation: Armour fits poorly on your strangely
                  | shaped body. [a neqoxec]
 52517 | Abyss:1  | HP: 7/223 [frost giant/+1 battleaxe of freezing[the fury of
                  | Okawaru] (6)]
 52517 | Abyss:1  | HP: 2/223 [orange demon (5)]
 52518 | Abyss:1  | Demolished by a stone giant

Illustrated notes

Levels and vault maps discovered:
D:1:      mrwooster_arrival_statue_3, layout_loops_corners
D:2:      layout_loops_corners, shapermc_ecumenical_altar_starsandcircs,
          cheibrodos_gnoll_hut
D:3:      layout_basic, gup_sewer_entry_pipe, ebering_dispersal_statue_hall,
          chequers_garden
D:4:      layout_layer_cave, good_gods_mini_temple, grunt_temple_overflow_open,
          minmay_temple_entry_hall, minmay_misc_feat_ornament, uniq_edmund
D:5:      layout_gridville
D:6:      layout_basic
D:7:      layout_basic, hangedman_abyss_or_decor_stabs,
          kennysheep_generic_room_7, uniq_maggie
D:8:      layout_loops_ring, grunt_lair_entry_orc_guard_hut, serial_glass,
          glass_columns_a, glass_columns_b, glass_columns_a, glass_columns_b,
          glass_columns_a, glass_columns_b, glass_columns_a, glass_columns_a,
          glass_columns_a, glass_columns_c, glass_columns_a, glass_columns_a,
          glass_columns_c, glass_columns_c, chequers_serial_rivers_large_b,
          lemuel_flamethrower_2, uniq_grum
D:9:      kennysheep_kobold_camp, layout_loops_corners, minmay_protected_statue
D:10:     layout_cave_pools, nicolae_overflow_hidden_temple,
          kennysheep_orc_monster_closet_entryway, enter_bailey_3,
          wad_floor_pattern_untrapped, hangedman_glass_teeth,
          amcnicky_mini_pool_medium, uniq_snorg
D:11:     layout_roguey, serial_shops, nicolae_shop_advertising_works
          [nicolae_subvault_shop_adworks]
D:12:     layout_grid_maze, minivault_28
D:13:     layout_rooms
D:14:     layout_loops_ring, ximxim_vaults_locker_room,
          nicolae_ru_sacrificial_ziggurat, tgw_sif
D:15:     gammafunk_depths_entry_grave, layout_irregular_city,
          nrook_pool_corridor, uniq_agnes
Lair:1:   layout_long_grid, cheibrodos_lair_reptile_den, serial_bayou_shore_a,
          lemuel_fruit_fields
Lair:2:   layout_loops_ring, guppyfry_snake_entry_island, serial_bayou,
          serial_bayou_pond_d, serial_bayou_lagoon_a, serial_bayou_lake_a,
          serial_bayou_crossing, serial_bayou_pond_d, serial_bayou_pond_a
Lair:3:   layout_cave_pods, minmay_shoals_entry_lonely_mermaid,
          lemuel_centaur_altar
Lair:4:   layout_small_grid, nzn_ghost_randoct, uniq_kirke
Lair:5:   hellmonk_lair_end_abyssal_woods, layout_gridlike, slime_entry_1,
          grunt_megastairs_5, uniq_rupert
Shoals:1: layout_shoals, uniq_josephine, uniq_louise, uniq_jorgrun
Shoals:2: layout_shoals
Shoals:3: layout_shoals, portal_ice_cave_entry_ugly_swarm
Shoals:4: shoals_end_grunt_ice, layout_shoals, nicolae_shoals_mertower
Snake:1:  kennysheep_snake, layout_basic
Snake:2:  layout_gridlike
Snake:3:  layout_chambers, nicolae_shop_clearance, uniq_aizul
Snake:4:  grunt_snake_rune_serpentine_throne, layout_chambers,
          gammafunk_ghost_berserking_beasts, minmay_shop_grove, uniq_asterion,
          uniq_vashnia
Slime:1:  layout_caves
Slime:2:  layout_caves, nicolae_slime_barrier, nicolae_slime_round_cave
Slime:3:  layout_caves
Orc:1:    layout_diamond_mine, gammafunk_ghost_wrathful_warriors,
          bloody_makhleb, uniq_harold, uniq_sonja
Orc:2:    grunt_orc_cross, layout_diamond_mine, nicolae_shop_vocational
Elf:1:    nicolae_elf_arrival_aired_out, layout_gridlike, serial_shops,
          nicolae_shop_hallway_plus, minivault_28, minivault_25
Elf:2:    elven_hall_of_blades_hangedman_original
          [nicolae_blade_entry_splitting_headache], layout_geoelf_octagon,
          serial_shops, nicolae_shop_window_shopping
Elf:3:    elf_hall, layout_geoelf_grid, hellmonk_ghost_happy_afterlife,
          serial_shops, shop, st_stairs_1, uniq_zenata
Vaults:1: biasface_ghost_orc_armoury, v_rooms_1, v_misc_26,
          dpeg_vaults_monster_row, hangedman_vaults_unwind, v_misc_27,
          vaults_room_semicircle, layout_vaults_chaotic_city
Vaults:2: ontoclasm_vaults_loading_screen, grunt_vaults_hallway_long,
          grunt_vaults_diagonal, nicolae_vaults_little_squares_3,
          vaults_room_large_hall, vaults_room_boxed, vaults_mumra_chevron,
          nicolae_vaults_shelves_hall, v_rooms_4, v_misc_17,
          nicolae_vaults_yaktaur_gun_rack, dpeg_vaults_waves, v_misc_25,
          v_misc_32, nicolae_vaults_little_squares_2,
          ontoclasm_vaults_loading_screen, layout_vaults_big_cross
Vaults:3: minmay_crypt_entry_simple_round, v_rooms_6, v_misc_3, v_misc_26,
          grunt_vaults_trifunnel, nicolae_vaults_stairing_the_circle,
          grunt_vaults_focal, nicolae_vaults_circle_grid_b,
          ontoclasm_vaults_decontamination, vaults_room_hangedman_quadrants,
          layout_vaults_ring
Vaults:4: ontoclasm_vaults_bender, nicolae_vaults_triangles,
          nicolae_vaults_little_squares_5, vaults_dpeg_doors,
          vaults_room_stairs_pillars, vaults_mumra_minichess,
          vaults_room_hallway, grunt_vaults_twisty, vaults_room_semicircle,
          nicolae_vaults_network_square, vaults_mumra_hex,
          nicolae_vaults_specimen_jars, grunt_vaults_hallway_short,
          layout_vaults_omnibox
Vaults:5: serial_shops
Depths:1: layout_cave_pools, lightli_too_deep, minmay_orc_keep
Depths:2: kennysheep_four_of_diamonds, layout_basic,
          nicolae_uskayaw_murder_on_the_dancefloor, grunt_pan_entry_sceptre,
          hell_entry, abyss_entry, fedhas_altar_2
Depths:3: minmay_the_grid_triangle_9x9_recursive_3
          [minmay_the_grid_triangle_9x9_skeleton,
          minmay_the_grid_triangle_9x9_tough_junction,
          minmay_the_grid_triangle_9x9_wacky_v,
          minmay_the_grid_triangle_9x9_prize_schism,
          minmay_the_grid_triangle_9x9_minimal,
          minmay_the_grid_triangle_9x9_alien,
          minmay_the_grid_triangle_9x9_warning,
          minmay_the_grid_triangle_9x9_flanged_cone,
          minmay_the_grid_triangle_9x9_dagger], layout_cave_shapes,
          nrook_mini_vaults, hangedman_abyss_entry_splay,
          pf_dread_powers_of_hell, kennysheep_opposing_triangles,
          infiniplex_staircase_zigzag_2
Depths:4: grunt_zot_entry_bicorn, layout_cave_pools, enter_ziggurat_a,
          hell_entry, grunt_qazlal_clouds, serial_shops, bzr_in_the_mist,
          nicolae_shop_bloodbath_and_beyond, shop, uniq_margery, uniq_vv
Abyss:1:  base:
Lair:5

Skill      XL: |  1  2  3  4  5  6  7  8  9 10 11 12 13 14 15 16 17 18 19 20 21 22 23 24 25 26 27 |
---------------+----------------------------------------------------------------------------------+-----
Fighting       | 4 5 6 7 8 10 11 12 13 14 16 17 18 20 21 22 23 24 25 26 27 | 27.0
Maces & Flails | 3 4 5 6 7 9 10 11 12 13 14 15 17 18 19 20 21 22 | 22.2
Armour         | 4 7 10 11 12 14 16 20 22 | 22.7
Shields        | 6 9 11 13 15 16 17 18 20 21 23 | 23.0
Invocations    | 6 8 10 12 | 12.0
Dodging        | 5 7 9 10 11 | 11.2
Evocations     | 4 6 |  6.7

Action                   |  1- 3 |  4- 6 |  7- 9 | 10-12 | 13-15 | 16-18 | 19-21 | 22-24 | 25-27 || total
-------------------------+-------+-------+-------+-------+-------+-------+-------+-------+-------++-------
Melee: Flail             |    83 |   197 |     4 |       |       |       |       |       |       ||   284
       Dire flail        |       |       |   194 |   482 |   532 |       |       |    43 |       ||  1251
       Great mace        |       |       |       |       |   169 |  1091 |  1282 |  1368 |   929 ||  4839
       Eveningstar       |       |       |       |       |       |       |    50 |    24 |   144 ||   218
       Morningstar       |       |       |       |       |       |       |    22 |       |       ||    22
Invok: Heroism           |       |       |       |     1 |     7 |    14 |    12 |     5 |    12 ||    51
       Finesse           |       |       |       |       |     2 |     7 |     7 |     3 |     7 ||    26
       Recite            |       |       |       |       |       |       |       |       |     1 ||     1
 Abil: Dig               |       |     2 |       |     8 |     6 |    15 |     8 |    12 |     4 ||    55
Evoke: Wand              |       |     1 |       |     2 |       |     6 |     1 |     5 |       ||    15
       Phial of floods   |       |       |       |       |       |       |       |     1 |       ||     1
  Use: Potion            |       |     1 |       |     3 |     2 |     2 |     5 |       |     5 ||    18
       Scroll            |       |       |    17 |    10 |     3 |       |     5 |     1 |     1 ||    37
 Stab: Paralysed         |       |     5 |       |       |       |       |       |       |       ||     5
       Distracted        |       |       |     3 |     4 |     7 |       |       |     1 |       ||    15
Armor: Scale mail        |    34 |    85 |    44 |    84 |       |       |       |       |       ||   247
       Plate armour      |       |       |       |    60 |   236 |   315 |   521 |   431 |   402 ||  1965
Dodge: Dodged            |    35 |    98 |    67 |   236 |   167 |   325 |   442 |   241 |   217 ||  1828
Block: Buckler           |    30 |    50 |    28 |    92 |     1 |       |       |       |       ||   201
       Kite shield       |       |       |       |       |   311 |   563 |   168 |       |       ||  1042
       Tower shield      |       |       |       |       |       |       |   864 |  1220 |   995 ||  3079
       Reflection        |       |       |       |       |       |       |     6 |   100 |    61 ||   167
